HSSL
ROCKY POINT HS EAGLES @ FORT WORTH HS TURKEYS
05/07/2027
 
TOP OF THE 1ST
Rocky Point HS Eagles batting - Pitching for Fort Worth HS Turkeys : RHP Rob Brennan
Pitching: RHP Rob Brennan
Batting: LHB Gus Price 0-0: Ball
1-0: Ball
2-0: Ball
3-0: Called Strike
3-1: Foul Ball, location: 2F
3-2: Base on Balls
Batting: RHB Fernando Pagán 0-0: Called Strike
0-1: Ball
1-1: Foul Ball, location: 2F
1-2: Foul Ball, location: 2F
1-2: Fly out, F8 (Flyball, 8LM)
Batting: RHB Fernando Rodríguez 0-0: Called Strike
0-1: Swinging Strike
0-2: Ball
1-2: Strikes out swinging
Batting: RHB Andrew Pinto 0-0: Ball
1-0: Called Strike
1-1: Swinging Strike
1-2: Strikes out swinging
Top of the 1st over - 0 run(s), 0 hit(s), 0 error(s), 1 left on base; Rocky Point HS 0 - Fort Worth HS 0
BOTTOM OF THE 1ST
Fort Worth HS Turkeys batting - Pitching for Rocky Point HS Eagles : RHP Jim Puckett
Pitching: RHP Jim Puckett
Batting: LHB Fernando García 0-0: Bunt missed!
0-1: Called Strike
0-2: Strikes out swinging
Batting: LHB Ugo Béland 0-0: Ball
1-0: Called Strike
1-1: Foul Ball, location: 2F
1-2: Ball
2-2: Strikes out swinging
Batting: RHB Tristan Vincent 0-0: Ball
1-0: Called Strike
1-1: SINGLE (Groundball, 6D)
Batting: LHB Francisco Madraso 0-0: Ball
1-0: Called Strike
1-1: Ball
2-1: Foul Ball, location: 2F
2-2: Foul Ball, location: 2F
2-2: Ball
3-2: Strikes out swinging
Bottom of the 1st over - 0 run(s), 1 hit(s), 0 error(s), 1 left on base; Rocky Point HS 0 - Fort Worth HS 0
TOP OF THE 2ND
Rocky Point HS Eagles batting - Pitching for Fort Worth HS Turkeys : RHP Rob Brennan
Batting: SHB Andrés Coronado 0-0: Foul Ball, location: 2F
0-1: Ball
1-1: Foul Ball, location: 2F
1-2: Foul Ball, location: 2F
1-2: SINGLE (Groundball, 4MD)
Batting: RHB Vincent Turner 0-0: Ball
1-0: Called Strike
1-1: Ball
2-1: Foul Ball, location: 2F
2-2: Strikes out swinging
Batting: RHB Liam Simons 0-0: Ball
1-0: Swinging Strike
1-1: Foul Ball, location: 2F
1-2: Ball
2-2: Ball
3-2: Strikes out swinging
Batting: RHB Ramón Garza 0-0: Called Strike
0-1: Ball
1-1: Ball
2-1: Foul Ball, location: 2F
2-2: Ball
3-2: Base on Balls
Andrés Coronado to second
Batting: LHB Rob Peterson 0-0: Ball
1-0: Ball
2-0: Called Strike
2-1: Foul Ball, location: 2F
2-2: Strikes out swinging
Top of the 2nd over - 0 run(s), 1 hit(s), 0 error(s), 2 left on base; Rocky Point HS 0 - Fort Worth HS 0
BOTTOM OF THE 2ND
Fort Worth HS Turkeys batting - Pitching for Rocky Point HS Eagles : RHP Jim Puckett
Batting: RHB Denny Dennis 0-0: Fly out, F8 (Flyball, 8LM)
Batting: RHB Mal Roberson 0-0: Foul Ball, location: 2F
0-1: Foul Ball, location: 2F
0-2: Ball
1-2: Ball
2-2: Foul Ball, location: 2F
2-2: Ground out 2-3 (Groundball, 2R)
Batting: RHB Fred Smith 0-0: Foul Ball, location: 2F
0-1: Fly out, F4 (Line Drive, 4M)
Bottom of the 2nd over - 0 run(s), 0 hit(s), 0 error(s), 0 left on base; Rocky Point HS 0 - Fort Worth HS 0
TOP OF THE 3RD
Rocky Point HS Eagles batting - Pitching for Fort Worth HS Turkeys : RHP Rob Brennan
Batting: LHB Gus Price 0-0: Called Strike
0-1: Ball
1-1: Ball
2-1: Foul Ball, location: 2F
2-2: Ball
3-2: Base on Balls
Batting: RHB Fernando Pagán 0-0: Fly out, F4 (Popup, 34D)
Batting: RHB Fernando Rodríguez 0-0: Ball
1-0: Ball
2-0: Called Strike
2-1: Foul Ball, location: 2F
2-2: Foul Ball, location: 2F
2-2: Ground out 4-3 (Groundball, 4S)
Gus Price to second
Batting: RHB Andrew Pinto 0-0: Called Strike
0-1: Ball
1-1: Ball
2-1: Foul Ball, location: 2F
2-2: Strikes out swinging
Top of the 3rd over - 0 run(s), 0 hit(s), 0 error(s), 1 left on base; Rocky Point HS 0 - Fort Worth HS 0
BOTTOM OF THE 3RD
Fort Worth HS Turkeys batting - Pitching for Rocky Point HS Eagles : RHP Jim Puckett
Batting: SHB Rick Cochran 0-0: Ball
1-0: Ball
2-0: Ball
3-0: Called Strike
3-1: Base on Balls
Batting: RHB Ken Adams 0-0: Called Strike
0-1: Ball
1-1: Foul Ball, location: 2F
1-2: Ball
Throwing error on steal attempt, E2
Rick Cochran to third
2-2: Strikes out swinging
Batting: LHB Fernando García 0-0: Swinging Strike
0-1: Bunted foul
0-2: Ball
1-2: Ground out 6-3 (Groundball, 6M)
Rick Cochran scores
Batting: LHB Ugo Béland 0-0: Ground out 6-3 (Groundball, 6)
Bottom of the 3rd over - 1 run(s), 0 hit(s), 1 error(s), 0 left on base; Rocky Point HS 0 - Fort Worth HS 1
TOP OF THE 4TH
Rocky Point HS Eagles batting - Pitching for Fort Worth HS Turkeys : RHP Rob Brennan
Batting: SHB Andrés Coronado 0-0: Ball
1-0: Foul Ball, location: 2F
1-1: Ground out 4-3 (Groundball, 4)
Batting: RHB Vincent Turner 0-0: Called Strike
0-1: Swinging Strike
0-2: Ground out 6-3 (Groundball, 6)
Batting: RHB Liam Simons 0-0: Ball
1-0: Ball
2-0: Swinging Strike
2-1: Foul Ball, location: 2F
2-2: Ball
3-2: Base on Balls
Batting: RHB Ramón Garza 0-0: Ball
1-0: SINGLE (Line Drive, 4D)
Liam Simons to second
Runner from 2nd tries for 3rd, SAFE, throw made to third
Pitching: RHP Juan Reyes
Batting: LHB Rob Peterson 0-0: Ball
1-0: Ball
2-0: Foul Ball, location: 2F
2-1: Ball
3-1: Foul Ball, location: 2F
3-2: Base on Balls
Ramón Garza to second
Batting: LHB Gus Price 0-0: Called Strike
0-1: Swinging Strike
0-2: Ball
1-2: Foul Ball, location: 2F
1-2: Fly out, F7 (Flyball, 7LSF)
Top of the 4th over - 0 run(s), 1 hit(s), 0 error(s), 3 left on base; Rocky Point HS 0 - Fort Worth HS 1
BOTTOM OF THE 4TH
Fort Worth HS Turkeys batting - Pitching for Rocky Point HS Eagles : RHP Jim Puckett
Batting: RHB Tristan Vincent 0-0: Foul Ball, location: 2F
0-1: Fly out, F9 (Flyball, 89M)
Batting: LHB Francisco Madraso 0-0: Ball
1-0: Foul Ball, location: 2F
1-1: Ball
2-1: Ball
3-1: Swinging Strike
3-2: Base on Balls
Batting: RHB Denny Dennis 0-0: Ball
1-0: Foul Ball, location: 2F
1-1: Ball
2-1: Foul Ball, location: 2F
2-2: Ball
3-2: Foul Ball, location: 2F
3-2: Ground out 6-3 (Groundball, 6M)
Francisco Madraso to second
Batting: RHB Mal Roberson 0-0: Ball
1-0: Called Strike
1-1: Ball
2-1: Fly out, F6 (Popup, 6MD)
Bottom of the 4th over - 0 run(s), 0 hit(s), 0 error(s), 1 left on base; Rocky Point HS 0 - Fort Worth HS 1
TOP OF THE 5TH
Rocky Point HS Eagles batting - Pitching for Fort Worth HS Turkeys : RHP Juan Reyes
Batting: RHB Fernando Pagán 0-0: SINGLE (Line Drive, 7S)
Batting: RHB Fernando Rodríguez 0-0: Swinging Strike
0-1: Swinging Strike
0-2: Ball
1-2: Ball
2-2: Fly out, F7 (Line Drive, 78M)
Batting: RHB Andrew Pinto 0-0: Ball
1-0: Swinging Strike
1-1: Reached on error, E6 (Groundball, 6S)
Fernando Pagán to second
Batting: SHB Andrés Coronado 0-0: Ball
1-0: Called Strike
1-1: Ball
2-1: Ball
3-1: Called Strike
3-2: Fly out, F6 (Popup, 6D)
Batting: RHB Vincent Turner 0-0: Ball
1-0: Ball
2-0: Foul Ball, location: 2F
2-1: Ball
3-1: Foul Ball, location: 2F
3-2: Base on Balls
Fernando Pagán to third
Andrew Pinto to second
Batting: RHB Liam Simons 0-0: Ball
1-0: Foul Ball, location: 2F
1-1: Foul Ball, location: 2F
1-2: SINGLE (Groundball, 34S) (infield hit)
Fernando Pagán scores
Andrew Pinto to third
Vincent Turner to second
Batting: RHB Ramón Garza 0-0: Ball
1-0: SINGLE (Flyball, 8LS)
Andrew Pinto scores
Vincent Turner to third
Liam Simons to second
Runner from 3rd tries for Home, SAFE, no throw
Batting: LHB Rob Peterson 0-0: Called Strike
0-1: Called Strike
0-2: Ball
1-2: Ball
2-2: Ground out 2-3 (Groundball, 2R)
Top of the 5th over - 3 run(s), 3 hit(s), 1 error(s), 2 left on base; Rocky Point HS 3 - Fort Worth HS 1
BOTTOM OF THE 5TH
Fort Worth HS Turkeys batting - Pitching for Rocky Point HS Eagles : RHP Jim Puckett
Batting: RHB Fred Smith 0-0: Called Strike
0-1: Hit by Pitch
Batting: SHB Rick Cochran 0-0: Ball
1-0: Fly out, F8 (Flyball, 8RM)
Batting: RHB Ken Adams 0-0: Ball
1-0: Fly out, F9 (Flyball, 9S)
Batting: LHB Fernando García 0-0: Ball
1-0: Bunt for hit - play at first, batter safe!
Fred Smith to second
Batting: LHB Ugo Béland 0-0: Ball
1-0: Foul Ball, location: 2F
1-1: Called Strike
1-2: Strikes out swinging
Bottom of the 5th over - 0 run(s), 1 hit(s), 0 error(s), 2 left on base; Rocky Point HS 3 - Fort Worth HS 1
TOP OF THE 6TH
Rocky Point HS Eagles batting - Pitching for Fort Worth HS Turkeys : RHP Juan Reyes
Pitching: RHP Shawn Miller
Batting: LHB Gus Price 0-0: SINGLE (Line Drive, 9S)
Batting: RHB Fernando Pagán 0-0: Ball
1-0: Ball
2-0: Swinging Strike
2-1: Called Strike
2-2: Foul Ball, location: 2F
2-2: Strikes out swinging
Batting: RHB Fernando Rodríguez 0-0: Ball
1-0: Swinging Strike
1-1: Ball
Passed Ball!
Gus Price to second
2-1: Intentional Walk
Batting: RHB Andrew Pinto 0-0: Ball
1-0: Ball
2-0: Swinging Strike
2-1: Swinging Strike
2-2: Ball
3-2: Strikes out swinging
Batting: SHB Andrés Coronado 0-0: Ball
1-0: Foul Ball, location: 2F
1-1: Ball
2-1: Fly out, F8 (Line Drive, 8LM)
Top of the 6th over - 0 run(s), 1 hit(s), 0 error(s), 2 left on base; Rocky Point HS 3 - Fort Worth HS 1
BOTTOM OF THE 6TH
Fort Worth HS Turkeys batting - Pitching for Rocky Point HS Eagles : RHP Jim Puckett
Batting: RHB Tristan Vincent 0-0: Ball
1-0: Ball
2-0: Called Strike
2-1: Foul Ball, location: 2F
2-2: Ball
3-2: Foul Ball, location: 2F
3-2: Fly out, F9 (Flyball, 9S)
Batting: LHB Francisco Madraso 0-0: Foul Ball, location: 2F
0-1: Foul Ball, location: 2F
0-2: Foul Ball, location: 2F
0-2: Ball
1-2: Foul Ball, location: 2F
1-2: Strikes out swinging
Batting: RHB Denny Dennis 0-0: Ball
1-0: Foul Ball, location: 2F
1-1: Ball
2-1: Foul Ball, location: 2F
2-2: Ball
3-2: Ground out 5-3 (Groundball, 5S)
Bottom of the 6th over - 0 run(s), 0 hit(s), 0 error(s), 0 left on base; Rocky Point HS 3 - Fort Worth HS 1
TOP OF THE 7TH
Rocky Point HS Eagles batting - Pitching for Fort Worth HS Turkeys : RHP Shawn Miller
Batting: RHB Vincent Turner 0-0: Called Strike
0-1: Ball
1-1: Swinging Strike
1-2: Ball
2-2: Ball
3-2: SINGLE (Groundball, 56S) (infield hit)
Batting: RHB Liam Simons 0-0: Bunted foul
0-1: Ball
1-1: Sac Bunt - play at first, batter OUT! 2-4
Vincent Turner to second
Batting: RHB Ramón Garza 0-0: Called Strike
0-1: Ball
1-1: Foul Ball, location: 2F
1-2: Strikes out looking
Batting: LHB Rob Peterson 0-0: Ball
1-0: Fly out, F6 (Popup, 6MD)
Top of the 7th over - 0 run(s), 1 hit(s), 0 error(s), 1 left on base; Rocky Point HS 3 - Fort Worth HS 1
BOTTOM OF THE 7TH
Fort Worth HS Turkeys batting - Pitching for Rocky Point HS Eagles : RHP Jim Puckett
Batting: RHB Mal Roberson 0-0: Ball
1-0: Ball
2-0: Called Strike
2-1: Foul Ball, location: 2F
2-2: Ball
3-2: Foul Ball, location: 2F
3-2: DOUBLE (Line Drive, 78M)
Pitching: LHP Keith Burns
Batting: RHB Fred Smith 0-0: Called Strike
0-1: Called Strike
0-2: Single, Error in OF, E7, batter to second base
Mal Roberson scores
Batting: SHB Rick Cochran 0-0: Called Strike
0-1: Ball
1-1: Fly out, F9 (Line Drive, 9LM)
Batting: RHB Ken Adams 0-0: Ball
1-0: Called Strike
1-1: Ball
2-1: Foul Ball, location: 2F
2-2: SINGLE (Groundball, 6MS) (infield hit)
Fred Smith to third
Pitching: LHP Rick Estes
Batting: LHB Fernando García 0-0: Called Strike
0-1: Ball
Ken Adams is caught stealing 2nd base
1-1: Called Strike
1-2: Ball
2-2: Foul Ball, location: 2F
2-2: Foul Ball, location: 2F
2-2: Strikes out swinging
Bottom of the 7th over - 1 run(s), 3 hit(s), 1 error(s), 1 left on base; Rocky Point HS 3 - Fort Worth HS 2
TOP OF THE 8TH
Rocky Point HS Eagles batting - Pitching for Fort Worth HS Turkeys : RHP Shawn Miller
Batting: LHB Gus Price 0-0: Swinging Strike
0-1: Called Strike
0-2: Ball
1-2: Ball
2-2: Ball
3-2: Foul Ball, location: 2F
3-2: Base on Balls
Batting: RHB Fernando Pagán 0-0: Fly out, F7 (Flyball, 78D)
Batting: RHB Fernando Rodríguez 0-0: Called Strike
0-1: Grounds into double play, 6-4-3 (Groundball, 6)
Top of the 8th over - 0 run(s), 0 hit(s), 0 error(s), 0 left on base; Rocky Point HS 3 - Fort Worth HS 2
BOTTOM OF THE 8TH
Fort Worth HS Turkeys batting - Pitching for Rocky Point HS Eagles : LHP Rick Estes
Batting: LHB Ugo Béland 0-0: Ball
1-0: Swinging Strike
1-1: Ball
2-1: Ball
3-1: Base on Balls
Pitching: RHP Nick Cox
Batting: RHB Tristan Vincent 0-0: Ball
1-0: Ball
2-0: Foul Ball, location: 2F
2-1: Reached on error, E6 (Groundball, 6)
Ugo Béland to second
Batting: LHB Francisco Madraso 0-0: Ball
1-0: SINGLE (Groundball, 34) (infield hit)
Ugo Béland to third
Tristan Vincent to second
Pitching: RHP António Cordero
Batting: RHB Denny Dennis 0-0: Hit by Pitch
Ugo Béland scores
Tristan Vincent to third
Francisco Madraso to second
Batting: RHB Mal Roberson 0-0: Ball
1-0: Foul Ball, location: 2F
1-1: Grounds into double play, 5-2-3 (Groundball, 56)
Francisco Madraso to third
Denny Dennis to second
Batting: RHB Fred Smith 0-0: Ball
1-0: Ball
2-0: Ball
3-0: Base on Balls
Batting: SHB Rick Cochran 0-0: Foul Ball, location: 2F
0-1: Ball
1-1: Swinging Strike
1-2: Ball
2-2: Ball
3-2: Base on Balls
Francisco Madraso scores
Denny Dennis to third
Fred Smith to second
Batting: RHB Ken Adams 0-0: Ball
1-0: Foul Ball, location: 2F
1-1: Ball
2-1: Ball
3-1: Base on Balls
Denny Dennis scores
Fred Smith to third
Rick Cochran to second
Batting: LHB Fernando García 0-0: Ball
1-0: Ball
2-0: Ball
3-0: Called Strike
3-1: Base on Balls
Fred Smith scores
Rick Cochran to third
Ken Adams to second
Batting: LHB Ugo Béland 0-0: Ball
1-0: Ball
2-0: Foul Ball, location: 2F
2-1: Foul Ball, location: 2F
2-2: SINGLE (Flyball, 7LS)
Rick Cochran scores
Ken Adams to third
Fernando García to second
Runner from 3rd tries for Home, SAFE, no throw
Batting: RHB Tristan Vincent 0-0: Ball
1-0: Ball
2-0: Ball
Passed Ball!
Fernando García to third
Ugo Béland to second
3-0: Base on Balls
Batting: LHB Francisco Madraso 0-0: Ball
1-0: Ball
2-0: Ball
3-0: Base on Balls
Fernando García scores
Ugo Béland to third
Tristan Vincent to second
Batting: RHB Denny Dennis 0-0: Ball
Wild Pitch!
Ugo Béland scores
Tristan Vincent to third
Francisco Madraso to second
1-0: Called Strike
1-1: Foul Ball, location: 2F
1-2: SINGLE (Groundball, 56D)
Tristan Vincent scores
Francisco Madraso to third
Batting: RHB Mal Roberson 0-0: Ball
1-0: Foul Ball, location: 2F
1-1: Foul Ball, location: 2F
1-2: Foul Ball, location: 2F
1-2: Ball
2-2: Ball
3-2: SINGLE (Groundball, 6M) (infield hit)
Francisco Madraso scores
Denny Dennis to second
Batting: RHB Fred Smith 0-0: Ball
Passed Ball!
Denny Dennis to third
Mal Roberson to second
1-0: Ball
2-0: Ball
3-0: Base on Balls
Batting: SHB Rick Cochran 0-0: Foul Ball, location: 2F
0-1: Foul Ball, location: 2F
0-2: GRAND SLAM HOME RUN (Flyball, 9D), Distance : 339 ft
Batting: RHB Ken Adams 0-0: Ball
1-0: Ball
2-0: Ball
3-0: Base on Balls
Batting: LHB Fernando García 0-0: Ground out 6-3 (Groundball, 6S)
Bottom of the 8th over - 14 run(s), 5 hit(s), 1 error(s), 1 left on base; Rocky Point HS 3 - Fort Worth HS 16
TOP OF THE 9TH
Rocky Point HS Eagles batting - Pitching for Fort Worth HS Turkeys : RHP Shawn Miller
Batting: RHB Andrew Pinto 0-0: Foul Ball, location: 2F
0-1: SINGLE (Groundball, 6M) (infield hit)
Batting: SHB Andrés Coronado 0-0: Called Strike
0-1: Ball
1-1: Ball
2-1: Foul Ball, location: 2F
2-2: Foul Ball, location: 2F
2-2: Grounds into double play, 4-6-3 (Groundball, 4)
Pinch Hitting: RHB John Lindsey 0-0: Foul Ball, location: 2F
0-1: Fly out, F7 (Flyball, 7)
Top of the 9th over - 0 run(s), 1 hit(s), 0 error(s), 0 left on base; Rocky Point HS 3 - Fort Worth HS 16
Thursday, March 30th, 2017 - OOTP Baseball 17.12 Build 75